 Dungeon Crawl Stone Soup version 0.30-a0-1066-g63dfefce0d (webtiles) character file.

Game seed: 1137971769996026928

403354 ders the Eclecticist (level 24, -7/169 HPs)
             Began as a Djinni Conjurer on Apr 12, 2023.
             Was a High Priest of Ashenzari.
             Killed from afar by an ironbound frostheart (60 damage)
             ... by creeping frost
             ... led by a vault warden
             ... on level 5 of the Vaults.
             The game lasted 01:16:18 (35130 turns).

ders the Eclecticist (Djinni Conjurer)             Turns: 35130, Time: 01:16:18

Health: -7/169     AC: 14    Str:  6    XL:     24   Next: 46%
Gold:   4258       EV: 25    Int: 31    God:    Ashenzari [*****.] SH: 14 Dex: 23

rFire   + + +      SeeInvis +    P - staff of fire "Shackled Embarrassment" (curse) {rF+, Self, Fort} (curse)
rCold   x . .      Faith    .    S - +5 Storm Queen's Shield {shock, Fly rElec, Self, Range} (curse)
rNeg    . . .      Spirit   .    B - +3 ring mail "At What Cost Knowledge?" {Regen+ Int+3 Dex-2, Fort, Self} (curse)
rPois   ∞          Reflect  .    (no helmet)
rElec   +          Rampage  .    m - +0 cloak of the Fated Augurer {Self, Evo} (curse)
rCorr   .          Clarity  +    w - +2 pair of gloves of Ashenzari's Fetters {Dex+3, Evo, Self} (curse)
Will    ++...                    (boots unavailable)
Stlth   ++++++                   H - amulet "I Knew You'd Do That" {Regen+, Cun, Self} (curse)
HPRegen 2.08/turn                b - ring of Ashenzari's Irritation {Dex+6, Self, Range} (curse)
MPRegen 0.00/turn                r - ring of Ashenzari's Apathy {EV+5, Self, Fort} (curse)

@: flying, studying Staves
A: sickness immunity, fire resistance 2, cold vulnerability 1, float, innate
caster, HP casting, extra vitality 1
}: 2/15 runes: serpentine, barnacled
a: Renounce Religion, Curse Item, Shatter the Chains


You were on level 5 of the Vaults.
You worshipped Ashenzari.
Ashenzari was extremely pleased with you.
You visited 8 branches of the dungeon, and saw 37 of its levels.
You visited 3 bazaars.
You also visited: Bailey and Volcano.

You collected 4981 gold pieces.
You spent 723 gold pieces at shops.

Inventory:

Hand Weapons
 i - the +3 demon trident of the Philosopher {vamp, +Blink MP+9 Stlth+}
   (You took it off a gnoll in a bailey)

   MP:        It affects your magic capacity (+9).
   +Blink:    It lets you blink.
   Stlth:     It makes you more stealthy.
Missiles
 y - 6 throwing nets
Armour
 m - the cursed +0 cloak of the Fated Augurer (worn) {Self, Evo}
   (You found it on level 2 of the Dungeon)

   It has a curse which improves the following skills: Introspection: Fighting
   and Spellcasting.
   Evocations: Evocations.
 w - the cursed +2 pair of gloves of Ashenzari's Fetters (worn) {Dex+3, Evo, Self}
   (You found it in a bailey)

   It has a curse which improves the following skills: Evocations: Evocations.
   Introspection: Fighting and Spellcasting.
 B - the cursed +3 ring mail "At What Cost Knowledge?" (worn) {Regen+ Int+3 Dex-2, Fort, Self}
   (You found it on level 9 of the Dungeon)

   Int:       It affects your intelligence (+3).
   Dex:       It affects your dexterity (-2).
   Regen:     It increases your rate of health regeneration.
   It has a curse which improves the following skills: Fortitude: Armour and
   Shields.
   Introspection: Fighting and Spellcasting.
 S - the cursed +5 Storm Queen's Shield (worn) {shock, Fly rElec, Self, Range}
   (You bought it in a shop in a bazaar)

   Shock:     When it blocks an attack, it may electrocute the attacker.
   This works even against foes who are a short distance away.
   rElec:     It insulates you from electricity.
   Fly:       It grants you flight.
   It has a curse which improves the following skills: Introspection: Fighting
   and Spellcasting.
   Ranged Combat: Ranged Weapons and Throwing.
Magical Staves
 q - a staff of cold
 P - the cursed staff of fire "Shackled Embarrassment" (weapon) {rF+, Self, Fort}
   (You found it on level 5 of the Lair of Beasts)

   [staff of fire]

   Your inability to study Fire Magic prevents you from drawing on the full
   power of this staff in melee.
   Base accuracy: +5 Base damage: 5 Base attack delay: 1.2 This weapon's minimum
   attack delay (0.6) is reached at skill level 12.
   rF:        It protects you from fire.
   It falls into the 'Staves' category.
   It is a one-handed weapon.
   It has a curse which improves the following skills: Introspection: Fighting
   and Spellcasting.
   Fortitude: Armour and Shields.
Jewellery
 b - the cursed ring of Ashenzari's Irritation (left hand) {Dex+6, Self, Range}
   (You found it on level 1 of the Dungeon)

   [ring of dexterity]

   Dex:       It affects your dexterity (+6).
   It has a curse which improves the following skills: Introspection: Fighting
   and Spellcasting.
   Ranged Combat: Ranged Weapons and Throwing.
 r - the cursed ring of Ashenzari's Apathy (right hand) {EV+5, Self, Fort}
   (You found it on level 1 of the Lair of Beasts)

   [ring of evasion]

   EV:        It affects your evasion (+5).
   It has a curse which improves the following skills: Introspection: Fighting
   and Spellcasting.
   Fortitude: Armour and Shields.
 A - an amulet of the acrobat
 H - the cursed amulet "I Knew You'd Do That" (around neck) {Regen+, Cun, Self}
   (You found it on level 2 of the Lair of Beasts)

   [amulet of regeneration]

   Regen:     It increases your rate of health regeneration.
   It has a curse which improves the following skills: Cunning: Dodging and
   Stealth.
   Introspection: Fighting and Spellcasting.
 M - a +6 ring of intelligence
 R - the amulet "Maskut" {Acrobat rElec Str+3}
   (You took it off a centaur warrior on level 11 of the Dungeon)

   [amulet of the acrobat]

   It increases your evasion while moving and waiting.
   Str:       It affects your strength (+3).
   rElec:     It insulates you from electricity.
 T - a ring of ice
 V - a +4 ring of protection
 X - a ring of fire
Wands
 g - a wand of digging (9) (quivered)
 x - a wand of iceblast (29)
 C - a wand of light (20)
 E - a wand of mindburst (22)
 F - a wand of paralysis (27)
 G - a wand of polymorph (18)
 L - a wand of flame (34)
Scrolls
 e - 3 scrolls of blinking
 k - 4 scrolls of poison
 l - 14 scrolls of teleportation
 o - 4 scrolls of silence
 s - 2 scrolls of summoning
 t - 20 scrolls of identify
 u - 5 scrolls of immolation
 I - a scroll of brand weapon
 J - a scroll of fear
 K - 4 scrolls of fog
 O - 6 scrolls of enchant weapon
 W - 2 scrolls of enchant armour
Potions
 a - 5 potions of brilliance
 c - 11 potions of degeneration
 d - 11 potions of attraction
 f - 6 potions of flight
 h - 16 potions of curing
 j - 2 potions of cancellation
 n - 5 potions of heal wounds
 p - 4 potions of magic
 z - 6 potions of berserk rage
 N - 7 potions of haste
 Q - 2 potions of might
 U - a potion of ambrosia
Miscellaneous
 D - a piece from Xom's chessboard (15/15)


   Skills:
 - Level 6.3(13.9) Fighting
 * Level 13.8(16.9) Ranged Weapons
 + Level 9.7(12.9) Throwing
 - Level 3.2(6.7) Armour
 * Level 19.0(20.9) Dodging
 * Level 15.2(17.2) Stealth
 + Level 19.9(27) Spellcasting
 - Level 5.1(8.2) Evocations


You knew the following spells:

 Your Spells              Type           Power      Damage    Failure   Level
a - Lehudib's Crystal Sp  Conj/Erth      59%        10d14     1%          8
b - Fireball              Conj/Fire      71%        3d27      0%          5
c - Dazzling Flash        Conj/Hex       100%       N/A       0%          3
d - Fulminant Prism       Conj/Hex       59%        3d24      0%          4
e - Iskenderun's Mystic   Conj/Tloc      100%       2d19      0%          4
f - Beastly Appendage     Tmut           100%       N/A       0%          1
g - Blink                 Tloc           100%       N/A       0%          2
h - Wereblood             Tmut           100%       N/A       0%          2
i - Ice Form              Ice/Tmut       100%       N/A       0%          4
j - Silence               Hex/Air        59%        N/A       0%          5
k - Searing Ray           Conj           100%       2d8       0%          2
l - Death Channel         Necr           59%        N/A       0%          6
m - Storm Form            Tmut/Air       59%        N/A       1%          7
n - Starburst             Conj/Fire      71%        6d18      0%          6
o - Magic Dart            Conj           100%       1d8       0%          1
p - Borgnjor's Revivific  Necr           59%        N/A       1%          8
Your spell library was empty.

Dungeon Overview and Level Annotations

Branches:
Dungeon (15/15)            Temple (1/1) D:5            Lair (5/5) D:8
 Shoals (4/4) Lair:3        Snake (4/4) Lair:2        Slime (0/5) Lair:5
    Orc (2/2) D:10            Elf (0/3) Orc:2        Vaults (5/5) D:13
  Crypt (1/3) Vaults:3     Depths (0/4) D:15         Bailey (visited)
Volcano (visited)

Altars:
Ashenzari
Cheibriados
Dithmenos
Elyvilon
Fedhas
Gozag
Hepliaklqana
Makhleb
Nemelex Xobeh
Okawaru
Qazlal
Ru
Trog
Uskayaw
Wu Jian
Xom
Yredelemnul
Zin
The Shining One
Jiyva
Lugonu

Shops:
D:8 :   D:9 (   D:11 *   D:14 *   Orc:2 *:[(   Shoals:1 (   Snake:2 [
Vaults:3 =

Portals:
Abyss: Lair:5

Annotations:
Shoals:2 3 runed translucent doors
Snake:4 exclusion: oklob plant, Roxanne


Innate Abilities, Weirdness & Mutations

You are immune to sickness and miasma.
You are immune to poison.
Your flesh is very heat resistant. (rF++)
You are vulnerable to cold. (rC-)
You float through the air rather than walking.
You learn spells naturally, not from books.
Your magical power is your life essence.
You have superior vitality. (+4 MHP)


Message History

The blast of energy engulfs the golden dragon!!
You kill the golden dragon!
The +0 gold dragon scales are intact enough to wear.
The blast of energy engulfs the ironbound frostheart!!
The ironbound frostheart is heavily wounded.
The blast of energy engulfs the fire giant!!
You kill the fire giant!
You hear a shout!
Casting: Iskenderun's Mystic Blast (safe; 0% risk of failure)
Confirm with . or Enter, or press ? or * to list all spells.
You erupt in a blast of force!
The mystic blast hits the vault guard.
You kill the vault guard!
The ironbound frostheart calls freezing cold from the walls.
The frost grips you!!
You feel a terrible chill!
* * * LOW HITPOINT WARNING * * *
Casting: Iskenderun's Mystic Blast (safe; 0% risk of failure)
Confirm with . or Enter, or press ? or * to list all spells.
Aiming: Lehudib's Crystal Spear (dangerous; 1% risk of failure)
Press: ? - help, Shift-Dir - straight line, f - stone giant
Aim: a stone giant, quivering large rocks (100% to hit)
The crystal spear hits the stone giant!!!
The stone giant is severely wounded.
* * * LOW HITPOINT WARNING * * *
The ice encasing you melts away.
A yaktaur comes into view.
Unknown command.
Casting: Lehudib's Crystal Spear (dangerous; 1% risk of failure)
Confirm with . or Enter, or press ? or * to list all spells.
Aiming: Lehudib's Crystal Spear (dangerous; 1% risk of failure)
Press: ? - help, Shift-Dir - straight line, f/p - stone giant
Aim: a stone giant, quivering large rocks (severely wounded, 100% to hit)
The crystal spear hits the stone giant!!!!
You kill the stone giant!
* * * LOW HITPOINT WARNING * * *
You hear a deafening roar!
You hear a shout! x3
Unknown command.
You feel much better.
The ironbound frostheart calls freezing cold from the walls.
The frost grips you!!!
You feel a terrible chill!
You die...

##########********************
#.........∆,,,,,,,,,,,,,,,,,,,
#........,,,,,,,,,,,,,,,,,,,,,
#...)######**#######********,,
#......[..####).)..##**,,,,,,,
#..#)...[.)##@.p)c(.#*,,,,,,,*
#..#...##......###).....#*,,,*
#..#..####...(##{*#)...##**,,*
#..#..##*#....#∆∆∆+....#***,,*
#..#...##.....#*∆**,.)..#*,,,*
#..##..........#**{,.....,,,**
#..###..........{,,^,....,,***
#..#*#..###....{..,,,.#'#,,***
#..##..##∆##.......,,**,**,,**


You could see an ironbound frostheart and a yaktaur.

Vanquished Creatures
  An ancient lich (Vaults:5)
  Sojobo (Vaults:2)
  Vashnia (Snake:4)
  A golden dragon (Vaults:5)
  Mlioglotl (Shoals:2)
  A tentacled monstrosity (Vaults:5)
  A titan (Vaults:5)
  Asterion (Snake:1)
  An acid blob (shapeshifter) (D:15)
  3 tengu reavers
  A kraken (Shoals:1)
  A shadow dragon (Vaults:5)
  A fire giant (Vaults:5)
  Donald (Snake:4)
  2 nagarajas (Snake:4)
  Ilsuiw (Shoals:3)
  A deep elf sorcerer (Vaults:4)
  Louise (Shoals:1)
  A frost giant (Vaults:5)
  19 vault wardens
  3 orc warlords
  5 stone giants
  4 very ugly things
  22 ironbound preservers
  A vampire knight (Crypt:1)
  15 ironbound thunderhulks
  A deep elf demonologist (Vaults:2)
  9 dire elephants
  A deep elf annihilator (Vaults:5)
  8 merfolk javelineers
  An ettin (Vaults:5)
  13 merfolk impalers
  Josephine (D:11)
  10 yaktaur captains
  5 hydras
  30 vault guards
  A rakshasa (D:15)
  9 great orbs of eyes
  2 catoblepae
  2 ogre magi
  4 salamander tyrants (Snake:4)
  12 centaur warriors
  An ice dragon (D:13)
  9 merfolk avatars
  5 alligator snapping turtles
  12 ironbound frosthearts
  2 satyrs
  6 anacondas
  5 boulder beetles
  5 merfolk aquamancers
  5 two-headed ogres
  2 thrashing horrors (Lair:5)
  15 naga warriors
  5 shock serpents
  3 tengu warriors
  20 naga sharpshooters
  Urug (Lair:5)
  A hell knight (Volcano)
  A sun demon (Volcano)
  A salamander mystic (Snake:4)
  7 skysharks
  A shadow wraith (Vaults:4)
  A glowing orange brain (Vaults:4)
  A skeletal warrior (D:11)
  14 sea snakes
  57 deep trolls
  2 spectral anacondas (Snake:3)
  10 naga ritualists
  A deep elf archer (Vaults:5)
  14 lindwurms
  A necromancer (Vaults:1)
  3 wizards
  23 ironbound convokers
  5 deep elf pyromancers
  23 harpies
  8 orc knights
  13 mana vipers
  4 orc sorcerers
  A fire giant zombie (Vaults:1)
  8 cyclopes
  32 ugly things
  14 manticores
  10 salamanders
  10 fauns
  18 vault sentinels
  41 black mambas
  3 gargoyles
  14 merfolk sirens
  23 naga magi
  4 smoke demons (Lair:5)
  A spectral sea snake (Snake:3)
  23 elephants
  2 guardian serpents
  4 water nymphs
  19 cane toads
  4 rime drakes
  A yaktaur zombie (Vaults:1)
  Psyche (D:9)
  A kobold demonologist (D:9)
  A komodo dragon (shapeshifter) (D:15)
  4 unseen horrors
  21 yaktaurs
  2 efreet
  3 spectral nagas (Snake:3)
  2 anaconda simulacra (Snake:3)
  9 komodo dragons
  5 freezing wraiths
  3 red devils (Volcano)
  2 ancient zymes (Lair:5)
  A sea snake skeleton (Snake:3)
  6 trolls
  4 hornets
  A hornet (shapeshifter) (Lair:5)
  7 polar bears
  37 merfolk
  9 wind drakes
  A tarantella (shapeshifter) (Lair:5)
  22 blink frogs
  6 dream sheep (Lair:3)
  28 slime creatures
  12 snapping turtles
  A guardian serpent skeleton (Snake:3)
  A jumping spider (shapeshifter) (D:14)
  A centaur simulacrum (D:15)
  2 vampires
  A shadow (D:11)
  A ynoxinul (Lair:5)
  7 wraiths
  37 yaks
  2 spriggans (Lair:5)
  6 wyverns
  8 water elementals
  13 basilisks
  A sea snake simulacrum (Snake:3)
  A chaos spawn (Lair:5)
  11 vampire mosquitoes
  A two-headed ogre zombie (D:10)
  8 wargs
  2 acid dragons
  44 nagas
  2 large abominations (Lair:5)
  8 water moccasins
  A guardian serpent simulacrum (Snake:3)
  A meliai simulacrum (D:15)
  44 orc warriors
  3 black bears
  8 small abominations (Lair:5)
  3 boggarts (Vaults:1)
  10 wolves
  13 centaurs
  14 ogres
  2 phantoms (D:10)
  A gnoll sergeant (D:9)
  13 bullfrogs
  A glowing shapeshifter simulacrum (Vaults:1)
  3 naga simulacra (Snake:3)
  2 scorpions
  7 wights
  7 killer bees
  8 howler monkeys
  A gnoll bouda (D:7)
  12 orc priests
  3 hounds
  3 jellies
  Ijyb (D:4)
  Jessica (D:2)
  16 orc wizards
  4 hell rats (Lair:3)
  7 ogre zombies (D:10)
  2 naga skeletons (Snake:3)
  14 gnolls
  5 adders
  A shadow imp (D:8)
  2 white imps
  An ufetubus (D:4)
  2 worms
  A dart slug (D:2)
  43 orcs
  3 endoplasms
  4 giant cockroaches
  19 goblins
  14 hobgoblins
  4 quokkas
  6 ball pythons
  7 bats
  3 frilled lizards
  A goblin skeleton (D:10)
  2 goblin zombies (D:10)
  3 hobgoblin skeletons (D:10)
  2 hobgoblin zombies (D:10)
  4 kobolds
  3 orc skeletons (D:10)
  14 orc zombies (D:10)
  4 rats
  A butterfly (Lair:2)
  3 fulminant prisms
1422 creatures vanquished.

Vanquished Creatures (others)
  133 fulminant prisms
  42 fungi
  144 plants
  4 tentacles (Shoals:1)
323 creatures vanquished.

Grand Total: 1745 creatures vanquished

Notes
Turn   | Place    | Note
-------+----------+-------------------------------------------
     0 | D:1      | ders the Djinni Conjurer began the quest for the Orb.
     0 | D:1      | ders set off with the following spells memorised: Magic
                  | Dart, Searing Ray, Dazzling Flash, Fulminant Prism,
                  | Iskenderun's Mystic Blast.
     0 | D:1      | Reached XP level 1. HP: 15/15 MP: 0/0
   160 | D:1      | Reached XP level 2. HP: 19/21 MP: 0/0
   464 | D:1      | Found a faded altar of an unknown god.
   852 | D:2      | Reached XP level 3. HP: 24/25 MP: 0/0
   852 | D:2      | Learned a level 1 spell: Beastly Appendage
   994 | D:2      | Noticed Jessica
  1000 | D:2      | Killed Jessica
  1001 | D:2      | Reached XP level 4. HP: 27/31 MP: 0/0
  1161 | D:2      | Found a hazy altar of Hepliaklqana.
  2435 | D:3      | Found an opulent altar of Gozag.
  2507 | D:4      | Noticed Ijyb
  2519 | D:4      | Killed Ijyb
  2520 | D:4      | Reached XP level 5. HP: 21/35 MP: 0/0
  2520 | D:4      | Learned a level 2 spell: Blink
  2583 | D:4      | Found a glowing golden altar of the Shining One.
  2654 | D:4      | Reached skill level 5 in Spellcasting
  2670 | D:4      | Reached XP level 6. HP: 23/40 MP: 0/0
  2892 | D:4      | Found a sacrificial altar of Ru.
  2959 | D:4      | Identified the +1 ring mail "Viefahym" {rF+ SInv}
  3232 | D:4      | Found a shadowy altar of Dithmenos.
  3271 | D:4      | Found a white marble altar of Elyvilon.
  3313 | D:5      | Entered Level 5 of the Dungeon
  3328 | D:5      | Noticed a black bear
  3395 | D:5      | Noticed a hornet
  3395 | D:5      | Found a staircase to the Ecumenical Temple.
  3395 | D:5      | Noticed an ogre
  3478 | D:5      | Killed a black bear
  3479 | D:5      | Reached XP level 7. HP: 28/45 MP: 0/0
  3479 | D:5      | Learned a level 2 spell: Wereblood
  3722 | D:5      | Killed a hornet
  3723 | D:5      | Reached XP level 8. HP: 5/50 MP: 0/0
  4048 | Temple   | Entered the Ecumenical Temple
  4209 | Temple   | Became a worshipper of Ashenzari the Shackled
  4942 | D:6      | Noticed a wyvern
  4946 | D:6      | Killed a wyvern
  5323 | D:6      | Reached XP level 9. HP: 50/55 MP: 0/0
  5323 | D:6      | Learned a level 4 spell: Ice Form
  6037 | D:7      | Found a sparkling altar of Nemelex Xobeh.
  6079 | D:7      | Found a flagged portal.
  6240 | Bailey   | Entered a bailey
  6411 | Bailey   | Reached skill level 5 in Dodging
  6507 | Bailey   | Noticed an orc warlord
  6535 | Bailey   | Killed an orc warlord
  6536 | Bailey   | Reached skill level 10 in Spellcasting
  6536 | Bailey   | Reached XP level 10. HP: 13/60 MP: 0/0
  6729 | Bailey   | Identified the +3 demon trident of the Philosopher {vamp,
                  | +Blink MP+9 Stlth+}
  7369 | D:7      | Found a basalt altar of Yredelemnul.
  7521 | D:7      | Identified the +7 long sword of ders's Execution {spect,
                  | +Blink Int+4}
  8332 | D:8      | Noticed an elephant
  8342 | D:8      | Noticed a cyclops
  8348 | D:8      | Killed an elephant
  8348 | D:8      | Killed a cyclops
  8349 | D:8      | Reached XP level 11. HP: 48/65 MP: 0/0
  8349 | D:8      | Learned a level 5 spell: Silence
  8433 | D:8      | Found a staircase to the Lair.
  8447 | D:8      | Found Vawn's Book Emporium.
  8869 | D:8      | Reached * piety under Ashenzari
  9104 | D:9      | Identified the +3 ring mail of the Moon {Regen+ Int+3
                  | Dex-2}
  9164 | Lair:1   | Entered Level 1 of the Lair of Beasts
  9261 | Lair:1   | Identified Zoix's Almanac of Feculent Clay
  9262 | Lair:1   | Reached skill level 5 in Fighting
  9262 | Lair:1   | Reached skill level 5 in Evocations
  9262 | Lair:1   | Reached XP level 12. HP: 84/84 MP: 0/0
 10152 | Lair:2   | Noticed a catoblepas
 10335 | Lair:2   | Noticed a boulder beetle
 10380 | Lair:2   | Killed a boulder beetle
 10586 | Lair:2   | Reached XP level 13. HP: 79/88 MP: 0/0
 10586 | Lair:2   | Learned a level 5 spell: Fireball
 10641 | Lair:2   | Found a staircase to the Snake Pit.
 10753 | Lair:2   | Killed a catoblepas
 11281 | Lair:3   | Reached ** piety under Ashenzari
 11292 | Lair:3   | Reached skill level 15 in Spellcasting
 11678 | Lair:3   | Noticed a six-headed hydra
 11682 | Lair:3   | Killed a six-headed hydra
 11748 | Lair:3   | Reached *** piety under Ashenzari
 11926 | Lair:3   | Found a staircase to the Shoals.
 12135 | Lair:4   | Reached XP level 14. HP: 83/99 MP: 0/0
 12899 | Lair:5   | Entered Level 5 of the Lair of Beasts
 12913 | Lair:5   | Noticed Urug
 12919 | Lair:5   | Killed Urug
 12970 | Lair:5   | Found a dark tunnel.
 12979 | Volcano  | Entered a volcano
 13186 | Volcano  | Identified the +3 mace of Seaqalet {drain, rC+ Str+4}
 13216 | Volcano  | Reached XP level 15. HP: 107/107 MP: 0/0
 13216 | Volcano  | Learned a level 6 spell: Death Channel
 13545 | Lair:5   | Found a one-way gate to the infinite horrors of the Abyss.
 13545 | Lair:5   | Found a corrupted altar of Lugonu.
 13699 | Lair:5   | Reached XP level 16. HP: 102/114 MP: 0/0
 13711 | Lair:5   | Found a viscous altar of Jiyva.
 13711 | Lair:5   | Found a staircase to the Slime Pits.
 13797 | Lair:5   | Reached **** piety under Ashenzari
 13849 | Lair:5   | Reached skill level 1 in Ranged Weapons
 13950 | Lair:5   | Reached skill level 1 in Throwing
 14371 | D:9      | Found a blossoming altar of Fedhas.
 14371 | D:9      | Found a snail-covered altar of Cheibriados.
 14470 | D:9      | Noticed Psyche
 14472 | D:9      | Killed Psyche
 14541 | D:9      | Found Nugaur's Antique Weapon Shop.
 15438 | D:10     | Entered Level 10 of the Dungeon
 15680 | D:10     | Identified the +1 leather armour of Fortitude {rElec Will-
                  | rCorr}
 15866 | D:10     | Found a staircase to the Orcish Mines.
 16162 | Orc:1    | Entered Level 1 of the Orcish Mines
 16482 | Orc:2    | Entered Level 2 of the Orcish Mines
 16486 | Orc:2    | Paralysed by an orc sorcerer for 4 turns
 16501 | Orc:2    | Found Ceurargh's General Store.
 16731 | Orc:2    | Found Xuguch's Antique Weapon Shop.
 16826 | Orc:2    | Reached ***** piety under Ashenzari
 16912 | Orc:2    | Found a staircase to the Elven Halls.
 16920 | Orc:2    | Found Dahiutwell's Antique Armour Boutique.
 17039 | Orc:2    | Found Ozueqia's Book Emporium.
 17655 | D:11     | Identified the amulet "Maskut" {Acrobat rElec Str+3}
 17683 | D:11     | Reached skill level 5 in Stealth
 17951 | D:11     | Found Foboklos's Changing Room.
 18138 | D:11     | Noticed Josephine
 18141 | D:11     | Killed Josephine
 18667 | D:12     | Found a flickering gateway to a bazaar.
 18676 | Bazaar   | Entered a bazaar
 18681 | Bazaar   | Found Aloes's Distillery.
 18686 | Bazaar   | Bought 2 potions of curing for 48 gold pieces
 18698 | Bazaar   | Found Pakhut's Magic Scroll Shop.
 18703 | Bazaar   | Bought 2 scrolls of magic mapping for 150 gold pieces
 18711 | Bazaar   | Found Vialug's Book Boutique.
 18711 | Bazaar   | Found Miuhat's Armour Shop.
 18780 | Bazaar   | Bought the +5 Storm Queen's Shield {shock, Fly rElec} for
                  | 410 gold pieces
 18780 | Bazaar   | Found the +5 Storm Queen's Shield {shock, Fly rElec}
 19067 | D:12     | Identified the +1 war axe of Ash {pain, *Slow rC+ Str+7}
 19247 | D:12     | Identified the +0 leather armour of Lightning Storm {Harm
                  | rElec}
 19282 | D:12     | Reached skill level 10 in Dodging
 19597 | D:13     | Reached XP level 17. HP: 124/127 MP: 0/0
 19597 | D:13     | Learned a level 7 spell: Storm Form
 19694 | D:13     | Found a frozen archway.
 19991 | D:13     | Reached skill level 5 in Ranged Weapons
 20080 | D:13     | Found a gate to the Vaults.
 20413 | Snake:1  | Entered Level 1 of the Snake Pit
 20575 | Snake:1  | Identified the +0 scale mail of Sif Muna {-Tele Str+3 Int+5
                  | Slay-3}
 20585 | Snake:1  | Noticed Asterion
 20590 | Snake:1  | Noticed an Executioner
 20594 | Snake:1  | Killed Asterion
 21144 | Snake:1  | Identified the cursed staff of fire "Shackled
                  | Embarrassment" {rF+, Self, Fort} (You found it on level 5
                  | of the Lair of Beasts)
 21144 | Snake:1  | Identified the cursed +0 cloak of the Fated Augurer {Self,
                  | Evo} (You found it on level 2 of the Dungeon)
 21144 | Snake:1  | Identified the cursed +2 pair of gloves of Ashenzari's
                  | Fetters {Dex+3, Evo, Self} (You found it in a bailey)
 21655 | Snake:2  | Found Joefu's Armour Shoppe.
 22264 | Snake:3  | Reached XP level 18. HP: 117/132 MP: 0/0
 22692 | Snake:4  | Entered Level 4 of the Snake Pit
 22720 | Snake:4  | Reached skill level 5 in Throwing
 22887 | Snake:4  | Noticed Donald
 22903 | Snake:4  | Killed Donald
 23147 | Snake:4  | Noticed Roxanne
 23275 | Snake:4  | Found a snail-covered altar of Cheibriados.
 23412 | Snake:4  | Noticed Vashnia
 23430 | Snake:4  | Reached XP level 19. HP: 105/139 MP: 0/0
 23430 | Snake:4  | Learned a level 6 spell: Starburst
 23437 | Snake:4  | Killed Vashnia
 23703 | Snake:4  | Got a serpentine rune of Zot
 24035 | Shoals:1 | Entered Level 1 of the Shoals
 24045 | Shoals:1 | Noticed Louise
 24105 | Shoals:1 | Killed Louise
 24331 | Shoals:1 | Reached skill level 10 in Stealth
 24377 | Shoals:1 | Found Vuocsyaxt's Weapon Boutique.
 24393 | Shoals:1 | Reached XP level 20. HP: 137/146 MP: 0/0
 24879 | Shoals:2 | Noticed Mlioglotl
 24885 | Shoals:2 | Killed Mlioglotl
 25329 | Shoals:2 | Found a runed translucent gate.
 25507 | Shoals:2 | Found a runed translucent gate.
 25507 | Shoals:2 | Found a runed translucent gate.
 25740 | Shoals:3 | Found a bloodstained altar of Trog.
 25813 | Shoals:3 | Noticed Ilsuiw
 26387 | Shoals:3 | Reached skill level 10 in Ranged Weapons
 26394 | Shoals:3 | Killed Ilsuiw
 26551 | Shoals:3 | Found a white marble altar of Elyvilon.
 26694 | Shoals:4 | Entered Level 4 of the Shoals
 26706 | Shoals:4 | Identified the +6 scale mail "Orimear" {rElec Int+4}
 26839 | Shoals:4 | Reached XP level 21. HP: 148/151 MP: 0/0
 26839 | Shoals:4 | Learned a level 8 spell: Lehudib's Crystal Spear
 26855 | Shoals:4 | Reached skill level 15 in Dodging
 27045 | Shoals:4 | Identified Astruy's Anthology of the Winter and the Throng
 27211 | Shoals:4 | Identified Puir's Tome of Attendants
 27488 | Shoals:4 | Got a barnacled rune of Zot
 28417 | D:14     | Found Gaekeps's Assorted Antiques.
 28989 | D:15     | Entered Level 15 of the Dungeon
 29149 | D:15     | Identified the +3 falchion of Ignis's Benevolence {drain,
                  | rN+ Str-4 Int+2}
 29150 | D:15     | Found an iron altar of Okawaru.
 29267 | D:15     | Found a stormy altar of Qazlal.
 29376 | D:15     | Found a staircase to the Depths.
 29636 | Vaults:1 | Entered Level 1 of the Vaults
 29927 | Vaults:1 | Reached XP level 22. HP: 151/157 MP: 0/0
 30898 | Vaults:2 | Noticed Sojobo
 30902 | Vaults:2 | Killed Sojobo
 30935 | Vaults:2 | Found a flickering gateway to a bazaar.
 30956 | Bazaar   | Entered a bazaar
 30957 | Bazaar   | Found Cifoph's Antique Weapon Emporium.
 30957 | Bazaar   | Found Ywaemp's Antique Armour Emporium.
 30958 | Bazaar   | Found Mishrac's Distillery.
 30975 | Bazaar   | Bought a potion of heal wounds for 40 gold pieces
 30989 | Bazaar   | Found Penap's Antique Armour Shop.
 32043 | Vaults:2 | Reached XP level 23. HP: 129/163 MP: 0/0
 32043 | Vaults:2 | Learned a level 8 spell: Borgnjor's Revivification
 32090 | Vaults:2 | Identified the +7 broad axe "Pekkihi" {venom, Int+2}
 33065 | Vaults:3 | Found a staircase to the Crypt.
 33147 | Vaults:3 | Found Gagaehuq's Jewellery Shoppe.
 33558 | Crypt:1  | Entered Level 1 of the Crypt
 33785 | Vaults:4 | Found a flickering gateway to a bazaar.
 33791 | Bazaar   | Entered a bazaar
 33791 | Bazaar   | Found Geraimir's Assorted Antiques.
 33794 | Bazaar   | Found Heach's Magic Scroll Shop.
 33797 | Bazaar   | Bought a scroll of identify for 30 gold pieces
 33797 | Bazaar   | Bought a scroll of teleportation for 45 gold pieces
 33800 | Bazaar   | Found Dess's Assorted Antiques.
 33805 | Bazaar   | Found Anatwo's Book Emporium.
 33843 | Bazaar   | Found Fullo's General Store.
 34523 | Vaults:4 | Identified a scroll of acquirement
 34531 | Vaults:4 | Reached XP level 24. HP: 163/169 MP: 0/0
 34940 | Vaults:4 | Acquired 942 gold pieces
 34947 | Vaults:5 | Entered Level 5 of the Vaults
 34974 | Vaults:5 | Reached skill level 15 in Stealth
 35106 | Vaults:5 | Noticed an ancient lich
 35109 | Vaults:5 | Killed an ancient lich
 35115 | Vaults:5 | Noticed a golden dragon
 35126 | Vaults:5 | Killed a golden dragon
 35130 | Vaults:5 | Killed from afar by an ironbound frostheart

Illustrated notes

Levels and vault maps discovered:
D:1:      lightli_arrival_farm, layout_rooms,
          hellmonk_ecumenical_altar_crossroads, serial_bayou,
          serial_bayou_pond_e, serial_bayou_shore_a, serial_bayou_pond_d,
          serial_bayou_pond_b
D:2:      layout_basic, basic_altar, uniq_jessica
D:3:      layout_basic, mainiacjoe_overflow_swirl, serial_glass,
          glass_columns_a, glass_columns_c
D:4:      layout_cave_pools, mainiacjoe_overflow_two_lobes,
          mainiacjoe_overflow_surrounded_room, tso_metal_star,
          solitary_fountain, uniq_ijyb
D:5:      layout_basic, minmay_temple_entry_proselytizer
D:6:      layout_basic
D:7:      layout_loops_ring, mainiacjoe_overflow_concentric_impassable,
          mainiacjoe_overflow_brackets, enter_bailey_8
D:8:      layout_cave_pods, david_lair_generic, serial_shops,
          nicolae_shop_crystal
D:9:      layout_roguey, mainiacjoe_overflow_divided_tiny, serial_shops,
          nicolae_shop_behind_doors, chequers_serial_rivers_small_3,
          minmay_circle_x, uniq_psyche
D:10:     layout_irregular_city, zombieorc2_lemuel
D:11:     minmay_the_grid_octo_triangle [minmay_the_grid_octo_77,
          minmay_the_grid_octo_prize_ultimate_mussel_roller,
          minmay_the_grid_octo_odd_swirl], layout_loops_corners,
          minmay_misc_feat_iff, nicolae_transmutations_shop, uniq_josephine
D:12:     layout_irregular_city, serial_shops, bzr_entry_water,
          minmay_misc_feat_rugged
D:13:     layout_roguey, david_vaults_5,
          portal_ice_cave_entry_animals_and_master, nicolae_vehumet_altar_sigil
D:14:     layout_roguey, serial_shops, nicolae_shop_trees, grunt_decor_arrowhead
D:15:     gammafunk_enter_depths_forms, layout_cave_pools,
          okawaru_ov_weapons_minmay, grunt_qazlal_clouds
Temple:   hellmonk_temple_flake
Lair:1:   layout_cave_pods, beast_lair_carwin_11, grunt_megastairs_5,
          infiniplex_staircase_pool_2
Lair:2:   layout_cave_pods, guppyfry_snake_entry_garden, st_stairs_7,
          minivault_27, beast_lair_carwin_8, grunt_megastairs_3,
          lemuel_fruit_fields
Lair:3:   hellmonk_destroyed_diamonds, layout_hall_layers,
          elwin_shoals_entry_stream, serial_bayou_shore_b
Lair:4:   layout_concentric_octagons
Lair:5:   hellmonk_lair_end_abyssal_woods, layout_big_grid, slime_entry_1,
          enter_volcano_1, uniq_urug
Shoals:1: layout_shoals, serial_shops, nicolae_shop_bloodbath_and_beyond,
          uniq_louise
Shoals:2: layout_shoals, nicolae_shoals_beach_cooler, uniq_mlioglotl
Shoals:3: layout_shoals, hangedman_feature_mirror, nicolae_shoals_so_close,
          uniq_ilsuiw
Shoals:4: shoals_end_simple, layout_shoals, yaktaur_hedge
Snake:1:  layout_basic, drop_trap, uniq_asterion
Snake:2:  layout_concentric_octagons, serial_shops, nicolae_shop_waterfront,
          nicolae_snake_squiggles, st_stairs_10, serial_bayou_crossing
Snake:3:  layout_misc_corridors, nicolae_snake_the_dead_are_slithering
Snake:4:  snake_pit, layout_gridlike, lemuel_oklob_altar, lemuel_fruit_tree,
          uniq_roxanne, uniq_vashnia, uniq_donald
Orc:1:    layout_caves
Orc:2:    grunt_orc_gardens, layout_caves, grunt_orc_garden, grunt_orc_garden,
          grunt_orc_garden, grunt_orc_garden
Vaults:1: ontoclasm_vaults_spin, nicolae_vaults_yaktaur_gun_rack,
          nicolae_vaults_ring_of_whatevers, grunt_vaults_trifunnel,
          vaults_room_fours, v_misc_13, hangedman_vaults_variations, v_misc_25,
          v_rooms_2, v_misc_14, layout_vaults_ring
Vaults:2: v_misc_9, nicolae_vaults_little_squares_5, vaults_dpeg_emergency_exit,
          v_rooms_5, dpeg_vaults_monster_box, nicolae_vaults_rhombus_6,
          st_check, nicolae_vaults_circle_grid_a, grunt_vaults_bifocal,
          nicolae_vaults_big_ls, ontoclasm_vaults_eye, v_misc_18,
          layout_vaults_big_room, serial_shops, bzr_entry_gold, uniq_sojobo
Vaults:3: vaults_room_ringed_pool, ontoclasm_vaults_misaligned,
          grunt_vaults_swirl, nicolae_vaults_holding_cells,
          grunt_vaults_diagonal, v_misc_12, hangedman_vaults_trim,
          layout_vaults_omnigrid, dummy_crypt_entry, serial_shops, shop_statue
Vaults:4: v_misc_33, vaults_room_grid, vaults_dpeg_hooks, vaults_mumra_hexcomb,
          v_misc_17, nicolae_vaults_network_periphery, st_more_cells, v_misc_8,
          vaults_room_corners, ontoclasm_vaults_ligature, hangedman_vaults_maws,
          hangedman_vaults_maws, vaults_room_stairs_pillars, vaults_room_pool,
          vaults_dpeg_encased_lava, layout_vaults_omnicross, serial_shops,
          bzr_entry_safe
Vaults:5: uniq_bai_suzhen
Crypt:1:  layout_rooms, minivault_24

Skill      XL: |  1  2  3  4  5  6  7  8  9 10 11 12 13 14 15 16 17 18 19 20 21 22 23 24 |
---------------+-------------------------------------------------------------------------+-----
Spellcasting   | 4 5 6 7 8 10 11 12 14 16 17 18 19 | 19.9
Dodging        | 7 10 11 13 14 16 17 18 19 | 19.0
Fighting       | 5 6 |  6.3
Evocations     | 5 |  5.1
Armour         | 3 |  3.2
Stealth        | 5 7 9 10 11 12 13 14 15 | 15.2
Ranged Weapons | 4 6 8 9 10 11 12 13 | 13.8
Throwing       | 3 4 5 6 7 8 9 |  9.7

Action                     |  1- 3 |  4- 6 |  7- 9 | 10-12 | 13-15 | 16-18 | 19-21 | 22-24 || total
---------------------------+-------+-------+-------+-------+-------+-------+-------+-------++-------
  Melee: Staff             |       |       |     3 |       |       |       |     1 |     1 ||     5
         Demon trident     |       |       |       |     1 |       |     1 |       |       ||     2
   Cast: Magic Dart        |    52 |    88 |   105 |   137 |     5 |     6 |     5 |       ||   398
         Searing Ray       |       |    14 |    23 |    18 |       |       |       |       ||    55
         Fulminant Prism   |       |     3 |    23 |    45 |    11 |    32 |     7 |    15 ||   136
         Iskenderun's Myst |       |     3 |    28 |    47 |    35 |    57 |    68 |   118 ||   356
         Fireball          |       |       |       |       |   207 |   469 |   370 |   367 ||  1413
         Storm Form        |       |       |       |       |       |     1 |     1 |       ||     2
         Blink             |       |       |       |       |       |       |     1 |       ||     1
         Lehudib's Crystal |       |       |       |       |       |       |    45 |    40 ||    85
         Starburst         |       |       |       |       |       |       |       |     3 ||     3
 Invoke: Curse Item        |       |       |     1 |     1 |     3 |     3 |       |       ||     8
Ability: Blinkbolt         |       |       |       |       |       |       |     2 |       ||     2
    Use: Scroll            |       |    13 |     6 |     4 |     2 |     4 |     2 |    10 ||    41
         Potion            |       |     2 |     5 |     1 |     1 |       |     2 |     6 ||    17
 Armour: Robe              |       |     3 |     2 |     3 |       |       |       |       ||     8
         Ring mail         |       |       |       |     4 |     5 |    12 |    12 |     7 ||    40
  Dodge: Dodged            |     1 |     7 |     9 |    25 |     7 |    44 |    78 |    48 ||   219
  Block: Kite shield       |       |       |       |       |       |    46 |    69 |    33 ||   148

Table legend: (Time is in decaauts)
 A = Elapsed time spent in this place.
 B = Non-inter-level travel time spent in this place.
 C = Inter-level travel time spent in this place.
 D = Time resting spent in this place.
 E = Time spent auto-exploring this place.
 F = Levels seen in this place.
 G = Mean time per level.
                   A        B        C        D        E       F      G
               +--------+--------+--------+--------+--------+-----+--------+
         Total |  35137 |  31951 |   3186 |   3379 |  23247 |  42 |  836.6 |
       Dungeon |  13783 |  12450 |   1333 |   1057 |  10020 |  15 |  918.9 |
        Temple |    172 |    152 |     20 |      0 |    127 |   1 |  172.0 |
          Lair |   5419 |   4603 |    816 |    369 |   3343 |   5 | 1083.8 |
        Shoals |   4029 |   3742 |    287 |    556 |   2430 |   4 | 1007.2 |
     Snake Pit |   3562 |   3384 |    178 |    346 |   2366 |   4 |  890.5 |
  Orcish Mines |   1267 |   1078 |    189 |     50 |    864 |   2 |  633.5 |
        Vaults |   5352 |   4989 |    363 |    431 |   3590 |   5 | 1070.4 |
         Crypt |      5 |      5 |      0 |      0 |      0 |   1 |    5.0 |
        Bazaar |    246 |    246 |      0 |      0 |    170 |   3 |   82.0 |
        Bailey |   1058 |   1058 |      0 |    533 |    203 |   1 | 1058.0 |
       Volcano |    240 |    240 |      0 |     37 |    134 |   1 |  240.0 |
               +--------+--------+--------+--------+--------+-----+--------+

Top non-repeatable levels by time:
Vaults:2: 1526 daAuts
     D:8: 1345 daAuts
     D:6: 1344 daAuts
Vaults:4: 1251 daAuts
  Lair:1: 1248 daAuts
Vaults:1: 1233 daAuts
 Snake:4: 1206 daAuts
     D:2: 1182 daAuts
Shoals:4: 1178 daAuts
Vaults:3: 1173 daAuts
  Lair:2: 1153 daAuts
  Lair:5: 1123 daAuts
    D:11: 1084 daAuts
  Bailey: 1058 daAuts
  Lair:3: 1057 daAuts
